 Dungeon Crawl Stone Soup version 0.28.0-53-g5a82cb258f (webtiles) character file.

Game seed: 17803503943168051517

277820 cbfl8 the Hoplite (level 19, -9/168 (184) HPs)
             Began as a Minotaur Berserker on July 12, 2022.
             Was a Priest of Trog.
             Killed by divine providence
             ... invoked by Saint Roka
              (15 damage)
             ... on level 2 of the Vaults.
             The game lasted 02:20:43 (49330 turns).

cbfl8 the Hoplite (Minotaur Berserker)             Turns: 49330, Time: 02:20:44

HP:   -9/168 (184)  AC: 33    Str: 22    XL:     19   Next: 61%
MP:   18/18         EV: 19    Int:  4    God:    Trog [***...]
Gold: 4226          SH: 27    Dex: 18    Spells: 18/18 levels left

rFire   + + .      SeeInvis .   M - +11 trident of the Jumping Wasp {vorpal, Fly rF++}
rCold   . . .      Faith    .   Y - +3 tower shield {AC+3}
rNeg    . . .      Spirit   .   T - +5 scale mail of Ciasky Zuro {rCorr}
rPois   +          Reflect  .   (helmet restricted)
rElec   .          Harm     .   u - +2 cloak
rCorr   +          Rampage  .   F - +2 pair of gloves
Will    +....                   O - +2 pair of boots {Fly}
Stlth   ++........              C - amulet of regeneration
HPRegen 1.18/turn               k - +4 ring of protection
MPRegen 0.16/turn               j - ring of poison resistance

@: on berserk cooldown, flying, slowed, drained, very slow
A: horns 2, retaliatory headbutt
}: 2/15 runes: serpentine, barnacled
a: Renounce Religion, Berserk, Trog's Hand


You were on level 2 of the Vaults.
You worshipped Trog.
Trog was most pleased with you.
You visited 7 branches of the dungeon, and saw 34 of its levels.
You visited the Abyss 1 time.
You also visited: Bailey and Wizlab.

You collected 4659 gold pieces.
You spent 433 gold pieces at shops.

Inventory:

Hand Weapons
 H - a +9 halberd of freezing
 M - the +11 trident of the Jumping Wasp (weapon) {vorpal, Fly rF++}
   (You found it on level 10 of the Dungeon)

   It inflicts extra damage upon your enemies.
   rF:        It greatly protects you from fire.
   Fly:       It grants you flight.
 Q - the +5 dagger of the Shoals {vorpal, rC+}
   (You took it off an orc priest on level 11 of the Dungeon)

   It inflicts extra damage upon your enemies.
   rC:        It protects you from cold.
Missiles
 r - 3 throwing nets (quivered)
Armour
 u - a +2 cloak (worn)
 F - a +2 pair of gloves (worn)
 O - a +2 pair of boots of flying (worn)
 T - the +5 scale mail of Ciasky Zuro (worn) {rCorr}
   (You found it in a bailey)

   rCorr:     It protects you from acid and corrosion.
 Y - a +3 tower shield of protection (worn)
Jewellery
 e - the amulet of Xotuf {Faith Str+2}
   (You found it on level 5 of the Lair of Beasts)

   [amulet of faith]

   It allows you to gain divine favour quickly.
   Str:       It affects your strength (+2).
 h - a ring of willpower
 j - a ring of poison resistance (right hand)
 k - a +4 ring of protection (left hand)
 w - a +6 ring of dexterity
 y - a +4 ring of slaying
 z - a ring of ice
 C - an amulet of regeneration (around neck)
 N - a ring of protection from fire
Wands
 a - a wand of acid (2)
 b - a wand of polymorph (25)
 d - a wand of charming (4)
 n - a wand of flame (33)
 E - a wand of mindburst (38)
 I - a wand of paralysis (9)
 P - a wand of iceblast (13)
Scrolls
 c - 3 scrolls of magic mapping
 g - 6 scrolls of noise
 i - 4 scrolls of silence
 q - a scroll of enchant armour
 t - 3 scrolls of fog
 G - 5 scrolls of fear
 J - 2 scrolls of teleportation
 L - 2 scrolls of immolation
 W - a scroll of acquirement
Potions
 m - 5 potions of resistance
 p - a potion of haste
 x - 12 potions of flight
 A - 5 potions of might
 B - 6 potions of curing
 D - 4 potions of cancellation
 S - 5 potions of magic
 X - 12 potions of ambrosia
Miscellaneous
 f - a phantom mirror
 l - a tin of tremorstones (2/2)
 o - a phial of floods (inert)
 v - a piece from Xom's chessboard (14/15)
 K - a box of beasts (inert)
 R - a condenser vane (inert)
 U - a box of beasts (inert)
 V - a condenser vane (inert)
 Z - a piece from Xom's chessboard (14/15)


   Skills:
 + Level 19.7 Fighting
 + Level 12.0(14.9) Axes
 - Level 14.2(16.0) Polearms
 + Level 14.9 Armour
 + Level 16.5 Dodging
 + Level 6.1 Stealth
 + Level 24.2 Shields
 + Level 1.4 Evocations


You had 18 spell levels left.
You didn't know any spells.
Your spell library contained the following spells:

 Spells                   Type           Power      Damage    Failure   Level
 Beastly Appendage        Tmut           0%         N/A       83%         1
 Foxfire                  Conj/Fire      0%         2x1d4     83%         1
 Magic Dart               Conj           0%         1d3       83%         1
 Blink                    Tloc           0%         N/A       93%         2
 Call Imp                 Summ           0%         N/A       93%         2
 Passwall                 Tmut/Erth      0%         N/A       93%         2
 Wereblood                Tmut           0%         N/A       93%         2
 Conjure Flame            Conj/Fire      0%         6-21      99%         3
 Gell's Gravitas          Tloc           0%         N/A       99%         3
 Inner Flame              Hex/Fire       0%         N/A       99%         3
 Mephitic Cloud           Conj/Pois/Air  0%         N/A       99%         3
 Spider Form              Tmut/Pois      0%         N/A       99%         3
 Teleport Other           Tloc           0%         N/A       99%         3
 Tukima's Dance           Hex            0%         N/A       99%         3
 Animate Dead             Necr           0%         N/A       100%        4
 Flame Wave               Conj/Fire      0%         2d4       100%        4
 Iskenderun's Mystic Bla  Conj/Tloc      0%         2d3       100%        4
 Passage of Golubria      Tloc           0%         N/A       100%        4
 Petrify                  Tmut/Erth      0%         N/A       100%        4
 Irradiate                Conj/Tmut      0%         3d13      100%        5
 Manifold Assault         Tloc           0%         N/A       100%        5
 Yara's Violent Unravell  Hex/Tmut       0%         3d3       100%        5
 Dispersal                Tloc           0%         N/A       100%        6
 Haunt                    Necr/Summ      0%         N/A       100%        7
 Storm Form               Tmut/Air       0%         N/A       100%        7
 Infestation              Necr           0%         N/A       100%        8


Dungeon Overview and Level Annotations

Branches:
Dungeon (15/15)            Temple (1/1) D:7            Lair (6/6) D:10
 Shoals (4/4) Lair:2        Snake (4/4) Lair:2        Slime (0/5) Lair:6
    Orc (2/2) D:11            Elf (0/3) Orc:2        Vaults (2/5) D:14
 Depths (0/4) D:15         Bailey (visited)          WizLab (visited)
  Crypt: Vaults:2-3

Altars:
Ashenzari
Cheibriados
Dithmenos
Elyvilon
Fedhas
Gozag
Hepliaklqana
Kikubaaqudgha
Makhleb
Nemelex Xobeh
Okawaru
Qazlal
Ru
Sif Muna
Trog
Uskayaw
Vehumet
Wu Jian
Xom
Yredelemnul
Zin
The Shining One
Beogh
Jiyva

Shops:
D:12 *   D:15 (   Orc:2 =(*[   Shoals:1 *[:   Shoals:2 (   Snake:1 *

Portals:
Trove: D:14 (give 8 scrolls of blinking)

Annotations:
D:6 1 runed translucent door, DocClef's ghost, novice DsGl
D:13 2 transporters, Ilasch's ghost, journeyman MiBe
D:14 exclusion: 4 oklob plants
Snake:2 3 runed translucent doors, Uxkaff's ghost, adept DsFi
Orc:2 3 runed translucent doors, MiltankisOP's ghost, journeyman MfMo; joshe's ghost, journeyman GrFi; quokkamancerX's ghost, adept TrMo; slowmoth's ghost, journeyman TrBe
Vaults:2 Jory; Saint Roka; Sojobo


Innate Abilities, Weirdness & Mutations

You have a pair of horns on your head.
You reflexively headbutt those who attack you in melee.


Message History

The cyan very ugly thing is engulfed in noxious fumes.
You block the lindwurm's attack. The lindwurm claws you.
* * * LOW HITPOINT WARNING * * *
The lindwurm claws you.
* * * LOW HITPOINT WARNING * * *
The orc is engulfed in noxious fumes.
The orc appears confused.
The cyan ugly thing is engulfed in noxious fumes.
The cyan ugly thing appears confused.
The cyan ugly thing engulfs the orc.
The cyan ugly thing shocks the orc!
The orc is killed!
Trog accepts your kill.
The white very ugly thing is engulfed in noxious fumes.
The white very ugly thing completely misses you.
The orc warrior is engulfed in noxious fumes.
The orc warrior appears confused.
The cyan very ugly thing is engulfed in noxious fumes.
The orc warrior is engulfed in noxious fumes.
The orc warrior appears confused.
The cyan ugly thing is engulfed in noxious fumes.
The cyan ugly thing appears confused.
The cyan very ugly thing is engulfed in noxious fumes.
The cyan very ugly thing appears confused.
The white very ugly thing is engulfed in noxious fumes.
The lindwurm is engulfed in noxious fumes.
Your surroundings seem slightly different.
Sojobo and a deep troll come into view.
Sojobo is wielding a +1 great sword of electrocution and wearing a +2 ring mail of fire resistance.
Your skin stops crawling.
You feel less strong-willed.
The deep troll shouts!
Sojobo waves her feathered arms in wide circles.
The air twists around and strikes you!!
* * * LOW HITPOINT WARNING * * *
The white very ugly thing is engulfed in noxious fumes.
You feel better. Sojobo gestures at you while chanting.
The bolt of lightning hits you!
* * * LOW HITPOINT WARNING * * *
Saint Roka calls down the wrath of Beogh upon you.
Beogh smites you!
You die...

*,,,,,,#†)≈.k.#*,,,,,,*,,,,
*******#.§§☼..#*,,,,,,*,,<,
#..o...#*,,,,,,*,,,,
#.....u#*,,,,,,*,,,,
#..u..$#*,,,,,,***** ##
#......#**#********* .########
#......#...,,,,,,,,, .#......#
#.....Q'...,,,,,,,,, .#......#
#..@...#..,,,,,,,,,, .#......#
#......'...,,,,,,,,, .'......#
#......#...,,,>,,,,, .#......#
#......'.,.,,,,,,,,, .#......#
#......###********** ##......#
#..T...# #......# #......#
#......# #......#
####'#########......##***********


You could see Saint Roka, Sojobo (repels missiles), 2 very ugly things and a
deep troll.

Vanquished Creatures
  A titan (Shoals:4)
  A kraken (Shoals:3)
  A sphinx (Vaults:1)
  6 nagarajas
  A fire giant (D:14)
  An orc warlord (Orc:1)
  4 vault wardens
  A broodmother (shapeshifter) (D:14)
  4 very ugly things
  A stone giant (D:15)
  2 ironbound preservers (Vaults:1)
  A war gargoyle (D:14)
  A dire elephant (Vaults:1)
  6 merfolk javelineers
  The ghost of audacious124 the Basher, a journeyman DDWr of Ashenzari (Orc:1)
  2 fire dragons
  12 merfolk impalers
  An ettin (Vaults:1)
  A great orb of eyes (Vaults:2)
  A deep elf high priest (Vaults:1)
  16 naga warriors
  3 catoblepae
  6 yaktaur captains
  14 hydras
  8 vault guards (D:14)
  4 boulder beetles
  A rakshasa (D:14)
  3 salamander tyrants (Snake:4)
  4 ironbound frosthearts
  2 satyrs
  10 centaur warriors
  3 merfolk avatars
  4 merfolk aquamancers (Shoals:4)
  3 ogre magi
  6 two-headed ogres
  3 anacondas
  3 death yaks (Lair:6)
  3 tengu warriors (D:15)
  3 thrashing horrors
  10 shock serpents
  5 orc high priests (Orc:2)
  Urug (Lair:2)
  13 naga sharpshooters
  A deep elf knight (WizLab)
  Sonja (Lair:6)
  2 salamander mystics
  A skeletal warrior (D:14)
  A flayed ghost (D:14)
  7 deep trolls (Vaults:1)
  16 sea snakes
  An ironbound convoker (Vaults:1)
  A swamp dragon (Lair:6)
  3 naga ritualists
  24 harpies
  9 lindwurms
  4 orc knights
  2 wizards
  2 deep elf pyromancers
  9 mana vipers
  A necromancer (Abyss:2)
  6 ugly things
  17 manticores
  A harpy (shapeshifter) (D:15)
  10 orc sorcerers
  5 cyclopes
  10 fauns
  2 oklob plants
  A moth of wrath (Lair:5)
  7 merfolk sirens
  17 salamanders
  A manticore (shapeshifter) (D:15)
  An iron dragon skeleton (Abyss:2)
  Maurice (Orc:2)
  6 elephants (Lair:5)
  3 guardian serpents
  15 water nymphs
  23 naga magi
  7 vault sentinels
  31 black mambas
  A gargoyle (D:13)
  An apocalypse crab (Abyss:2)
  9 cane toads
  8 komodo dragons
  6 kobold demonologists
  11 rime drakes
  2 freezing wraiths
  An ice devil (WizLab)
  19 yaktaurs
  4 efreet
  A queen bee (Lair:3)
  A tengu conjurer (D:15)
  6 meliai
  A harpy zombie (Abyss:2)
  26 merfolk
  10 polar bears
  9 wind drakes
  4 hornets
  6 trolls
  A wind drake (shapeshifter) (D:15)
  A merfolk (shapeshifter) (D:15)
  3 snapping turtles
  A raiju (Lair:6)
  8 slime creatures
  23 blink frogs
  4 dream sheep (Lair:6)
  A dream sheep (shapeshifter) (D:14)
  A culicivora (shapeshifter) (D:15)
  8 air elementals (Shoals:4)
  3 shadows
  An ettin skeleton (Abyss:2)
  2 vampires
  A ynoxinul (WizLab)
  15 water elementals
  6 large abominations
  17 wyverns
  53 yaks
  2 fire bats (Lair:5)
  Grum (D:6)
  A golden eye (shapeshifter) (D:13)
  15 basilisks
  4 vampire mosquitoes (D:14)
  2 steam dragons (Lair:6)
  11 wargs
  4 acid dragons
  40 nagas
  2 floating eyes (Orc:1)
  18 hell hounds
  11 water moccasins
  2 swamp drakes (Lair:6)
  35 orc warriors
  A hornet zombie (D:8)
  12 ogres
  A sky beast (D:8)
  14 black bears
  A necrophage (D:6)
  6 boggarts (D:15)
  8 small abominations
  24 wolves
  15 centaurs
  A phantom (D:7)
  2 kobold brigands
  13 bullfrogs
  7 gnoll sergeants
  A wyvern skeleton (D:7)
  3 scorpions
  8 wights
  69 killer bees
  6 howler monkeys
  3 electric eels
  A bullfrog zombie (D:6)
  5 centaur zombies
  12 orc priests
  12 hounds
  3 jellies
  3 gnoll shamans (D:6)
  A centaur skeleton (D:5)
  5 iguanas
  21 orc wizards
  15 hell rats
  A hound zombie (D:5)
  A hound skeleton (D:4)
  A howler monkey zombie (D:10)
  4 adders
  39 gnolls
  2 shadow imps
  2 white imps (D:8)
  2 worms
  75 orcs
  3 ball pythons
  6 bats
  5 endoplasms
  3 giant cockroaches (D:2)
  10 goblins
  8 hobgoblins
  8 jackals
  3 quokkas
  2 frilled lizards (D:1)
  13 kobolds
  6 rats
  A bush (D:2)
1317 creatures vanquished.

Vanquished Creatures (collateral kills)
  Mlioglotl (Snake:2)
  An Executioner (Abyss:2)
  A tengu reaver (D:12)
  The ghost of Yogidamonk the Impaler, a journeyman MiFi of Okawaru (D:12)
  An ironbound preserver (Vaults:2)
  2 dire elephants (Vaults:1)
  The ghost of Ypehuijo the Spear-Bearer, a journeyman OpFi of Gozag (Lair:5)
  A hydra (D:12)
  An anaconda (Snake:3)
  A death yak (Lair:5)
  A naga sharpshooter (Snake:4)
  A thrashing horror (Abyss:2)
  A naga ritualist (Snake:4)
  3 deep trolls (Vaults:1)
  4 harpies
  4 fauns
  An ugly thing (D:12)
  A merfolk siren (Shoals:1)
  A black mamba (Snake:3)
  A smoke demon (Abyss:2)
  An ancient zyme (Abyss:2)
  An efreet (D:13)
  A yaktaur (Vaults:1)
  3 merfolk (Shoals:3)
  2 nagas (Snake:4)
  2 centaurs
  A bullfrog (D:9)
  2 killer bees (Lair:3)
42 creatures vanquished.

Vanquished Creatures (others)
  An ironbound thunderhulk (Vaults:1)
  A merfolk aquamancer (Shoals:4)
  A harpy (Shoals:4)
  A floating eye (shapeshifter) (D:14)
  An iguana (Lair:6)
  An orc wizard (D:12)
  An orc (Vaults:2)
  38 fungi
  94 plants
  6 tentacles (Shoals:3)
  3 withered plants
148 creatures vanquished.

Grand Total: 1507 creatures vanquished

Notes
Turn   | Place    | Note
-------+----------+-------------------------------------------
     0 | D:1      | cbfl8 the Minotaur Berserker began the quest for the Orb.
     0 | D:1      | Reached XP level 1. HP: 19/19 MP: 0/0
   268 | D:1      | Reached XP level 2. HP: 26/27 MP: 1/1
  1178 | D:2      | Reached XP level 3. HP: 33/33 MP: 2/2
  1280 | D:2      | Reached ** piety under Trog
  1632 | D:2      | Found the +4 robe of Augmentation {Str+4 Int+4 Dex+4}
  1819 | D:2      | Reached XP level 4. HP: 39/41 MP: 3/3
  2445 | D:3      | Found a shadowy altar of Dithmenos.
  2815 | D:3      | Found an iron altar of Okawaru.
  2845 | D:3      | Found a faded altar of an unknown god.
  3060 | D:4      | Found a white marble altar of Elyvilon.
  3098 | D:4      | Noticed an ogre
  3103 | D:4      | Killed an ogre
  3104 | D:4      | Reached skill level 5 in Axes
  3104 | D:4      | Reached XP level 5. HP: 42/47 MP: 4/4
  3174 | D:4      | Reached skill level 5 in Fighting
  3306 | D:4      | Found a blossoming altar of Fedhas.
  3401 | D:4      | Reached skill level 1 in Stealth
  3546 | D:5      | Entered Level 5 of the Dungeon
  3546 | D:5      | Noticed an orc warrior
  3559 | D:4      | Killed an orc warrior
  3560 | D:4      | Reached XP level 6. HP: 11/56 MP: 0/5
  4049 | D:5      | Found a snail-covered altar of Cheibriados.
  4235 | D:5      | Reached XP level 7. HP: 62/62 MP: 6/6
  4905 | D:5      | Found a sparkling altar of Nemelex Xobeh.
  5337 | D:6      | Reached skill level 5 in Dodging
  5339 | D:6      | Reached XP level 8. HP: 65/70 MP: 7/7
  5343 | D:6      | Noticed Grum
  5349 | D:6      | Killed Grum
  5404 | D:6      | Reached *** piety under Trog
  5421 | D:6      | Found a radiant altar of Vehumet.
  5479 | D:6      | Found a runed translucent door.
  5481 | D:6      | Noticed DocClef's ghost (novice DsGl)
  5987 | D:6      | Reached skill level 10 in Axes
  6651 | D:6      | Reached XP level 9. HP: 57/79 MP: 6/8
  7215 | D:7      | Found a burning altar of Makhleb.
  7240 | D:7      | Found a hazy altar of Hepliaklqana.
  7253 | D:7      | Found a staircase to the Ecumenical Temple.
  7266 | Temple   | Entered the Ecumenical Temple
  7513 | D:7      | Reached **** piety under Trog
  8553 | D:8      | Reached skill level 1 in Polearms
  8885 | D:8      | Reached XP level 10. HP: 84/90 MP: 9/9
  9753 | D:8      | Noticed a two-headed ogre
  9763 | D:8      | Killed a two-headed ogre
 10741 | D:9      | Found a shimmering altar of Xom.
 10922 | D:10     | Entered Level 10 of the Dungeon
 10925 | D:10     | Identified the +11 trident of the Jumping Wasp {vorpal, Fly
                  | rF++}
 10973 | D:10     | Found a flagged portal.
 10989 | Bailey   | Entered a bailey
 11115 | Bailey   | Noticed an orc knight
 11135 | Bailey   | Killed an orc knight
 11136 | Bailey   | Reached XP level 11. HP: 99/99 MP: 7/10
 11203 | Bailey   | Found a large runed translucent door.
 11203 | Bailey   | Found a large runed translucent door.
 11204 | Bailey   | Noticed a deep elf pyromancer
 11294 | Bailey   | Killed a deep elf pyromancer
 11305 | Bailey   | Identified the +1 helmet of Bipraif {Slay+3}
 11317 | Bailey   | Identified the +5 scale mail of Ciasky Zuro {rCorr}
 11436 | D:10     | Found a bloodstained altar of Trog.
 11528 | D:10     | Reached skill level 10 in Polearms
 11529 | D:10     | Reached skill level 10 in Fighting
 11626 | D:10     | Reached ***** piety under Trog
 11674 | D:10     | Reached skill level 1 in Shields
 11762 | D:10     | Reached skill level 2 in Shields
 11925 | D:10     | Found an ancient bone altar of Kikubaaqudgha.
 12075 | D:10     | Found a staircase to the Lair.
 12090 | D:10     | Noticed a soul eater
 12156 | Lair:1   | Entered Level 1 of the Lair of Beasts
 12305 | Lair:1   | Reached skill level 3 in Shields
 12853 | Lair:1   | Reached skill level 5 in Armour
 13689 | Lair:2   | Reached XP level 12. HP: 108/108 MP: 11/11
 13692 | Lair:2   | Reached skill level 4 in Shields
 13721 | Lair:2   | Noticed Urug
 13735 | Lair:2   | Killed Urug
 13840 | Lair:2   | Noticed a catoblepas
 13849 | Lair:2   | Killed a catoblepas
 14130 | Lair:2   | Found a staircase to the Shoals.
 14198 | Lair:2   | Found a staircase to the Snake Pit.
 14237 | Lair:2   | Noticed a seven-headed hydra
 14245 | Lair:2   | Killed a seven-headed hydra
 14679 | Lair:3   | Noticed a five-headed hydra
 14686 | Lair:3   | Killed a five-headed hydra
 14687 | Lair:3   | Reached skill level 5 in Shields
 15134 | Lair:3   | Noticed a four-headed hydra
 15146 | Lair:3   | Killed a four-headed hydra
 15409 | Lair:3   | Reached skill level 6 in Shields
 15487 | Lair:3   | Reached skill level 10 in Dodging
 15641 | Lair:4   | Noticed a seven-headed hydra
 15647 | Lair:4   | Noticed a four-headed hydra
 15648 | Lair:4   | Killed a seven-headed hydra
 16002 | Lair:4   | Reached XP level 13. HP: 86/117 MP: 12/12
 16070 | Lair:4   | Found a white marble altar of Elyvilon.
 16350 | Lair:4   | Reached skill level 7 in Shields
 16448 | Lair:4   | Received a gift from Trog
 16746 | Lair:4   | Found a shimmering altar of Xom.
 17412 | Lair:5   | Found a transporter.
 17416 | Lair:5   | Noticed Ypehuijo's ghost (journeyman OpFi)
 17474 | Lair:5   | Reached skill level 8 in Shields
 17551 | Lair:5   | Reached skill level 10 in Armour
 17553 | Lair:5   | Found a transporter.
 17972 | Lair:5   | Reached skill level 9 in Shields
 18354 | Lair:5   | Killed Ypehuijo's ghost
 18355 | Lair:5   | Identified the amulet of Xotuf {Faith Str+2}
 18361 | Lair:5   | Reached XP level 14. HP: 119/129 MP: 13/13
 18442 | Lair:6   | Entered Level 6 of the Lair of Beasts
 18495 | Lair:6   | Noticed Sonja
 18500 | Lair:6   | Killed Sonja
 18558 | Lair:6   | Found a staircase to the Slime Pits.
 18558 | Lair:6   | Found a viscous altar of Jiyva.
 18899 | Lair:6   | Reached ****** piety under Trog
 19001 | Lair:6   | Reached skill level 10 in Shields
 19139 | Lair:6   | Received a gift from Trog
 19467 | Lair:6   | Reached skill level 11 in Shields
 20569 | D:11     | Found a staircase to the Orcish Mines.
 20590 | D:11     | Identified the +5 dagger of the Shoals {vorpal, rC+}
 21208 | D:12     | Received a gift from Trog
 21466 | D:12     | Found a runed translucent gate.
 21466 | D:12     | Found a runed translucent gate.
 21466 | D:12     | Found a runed translucent gate.
 21467 | D:12     | Found an opulent altar of Gozag.
 21468 | D:12     | Noticed Yogidamonk's ghost (journeyman MiFi)
 21473 | D:12     | Noticed a tengu reaver
 21474 | D:12     | Found Suonlok's Assorted Antiques.
 21487 | D:12     | Killed Yogidamonk's ghost
 21491 | D:12     | Reached skill level 12 in Shields
 21497 | D:12     | Killed a tengu reaver
 21500 | D:12     | Reached skill level 15 in Fighting
 21584 | D:12     | Bought a scroll of teleportation for 102 gold pieces
 21584 | D:12     | Bought a tapered brass wand for 136 gold pieces
 22179 | D:12     | Found an ornate altar of the Wu Jian Council.
 22711 | D:11     | Reached XP level 15. HP: 139/141 MP: 14/14
 22900 | Orc:1    | Entered Level 1 of the Orcish Mines
 22909 | Orc:1    | Found a runed translucent door.
 22987 | Orc:1    | Noticed audacious124's ghost (journeyman DDWr)
 23324 | Orc:1    | Paralysed by an orc sorcerer for 2 turns
 23541 | Orc:1    | Received a gift from Trog
 23558 | Orc:1    | Paralysed by a floating eye for 3 turns
 23693 | Orc:1    | Killed audacious124's ghost
 23724 | Orc:2    | Entered Level 2 of the Orcish Mines
 23741 | Orc:2    | Found Moacoz's Antique Armour Emporium.
 23904 | Orc:2    | Noticed an orc warlord
 23924 | Orc:1    | Killed an orc warlord
 24489 | Orc:1    | Paralysed by an orc sorcerer for 2 turns
 24880 | Orc:1    | Reached skill level 13 in Shields
 25061 | Orc:2    | Bought a pair of glowing boots for 195 gold pieces
 25261 | Orc:2    | Found Gebboa's General Store.
 25383 | Orc:2    | Found a staircase to the Elven Halls.
 25420 | Orc:2    | Found Qutul's Antique Weapon Shop.
 25507 | Orc:2    | Found Uhuicug's Jewellery Boutique.
 25897 | Orc:2    | Found a runed translucent gate.
 25897 | Orc:2    | Found a runed translucent gate.
 25897 | Orc:2    | Found a runed translucent gate.
 25898 | Orc:2    | Noticed MiltankisOP's ghost (journeyman MfMo)
 25898 | Orc:2    | Noticed joshe's ghost (journeyman GrFi)
 25899 | Orc:2    | Noticed quokkamancerX's ghost (adept TrMo)
 25899 | Orc:2    | Noticed slowmoth's ghost (journeyman TrBe)
 25952 | Orc:2    | Noticed Maurice
 25965 | Orc:2    | Killed Maurice
 26412 | D:13     | Received a gift from Trog
 26578 | D:13     | Found a transporter.
 26580 | D:13     | Found a transporter.
 26582 | D:13     | Identified the +2 great mace "Riesawk" {flame, Will+ Str+4
                  | Dex+2}
 26583 | D:13     | Noticed Ilasch's ghost (journeyman MiBe)
 26730 | D:13     | Identified a scroll of acquirement
 26806 | D:13     | Reached skill level 1 in Evocations
 27567 | D:14     | Reached skill level 14 in Shields
 27719 | D:14     | Found a shimmering blue altar of Sif Muna.
 27801 | D:14     | Found a portal to a secret trove of treasure.
 27979 | D:14     | Found a gate to the Vaults.
 28069 | D:14     | Identified the +1 leather armour of Redur {rPois rCorr
                  | Str-5 Slay-6}
 28166 | D:14     | Reached skill level 5 in Stealth
 28244 | D:14     | Paralysed by a floating eye for 3 turns
 28256 | D:14     | Paralysed by a floating eye for 3 turns
 28259 | D:14     | Noticed a fire giant
 28264 | D:14     | Received a gift from Trog
 28294 | D:14     | Killed a fire giant
 28314 | D:14     | Reached XP level 16. HP: 105/152 MP: 15/15
 28644 | D:14     | Cast into level 2 of the Abyss (a wizard)
 28749 | Abyss:2  | Noticed an Executioner
 28773 | Abyss:2  | Killed an Executioner
 28808 | D:14     | Escaped the Abyss
 29014 | D:14     | Reached skill level 15 in Shields
 29352 | D:15     | Entered Level 15 of the Dungeon
 29893 | D:15     | Found Eshutooh's Weapon Shop.
 30053 | D:15     | Found a glowing golden altar of the Shining One.
 30205 | D:15     | Found a staircase to the Depths.
 30633 | Snake:1  | Entered Level 1 of the Snake Pit
 30712 | Snake:1  | Received a gift from Trog
 30713 | Snake:1  | Reached skill level 16 in Shields
 31077 | Snake:1  | Found Ozuet's Assorted Antiques.
 31309 | Snake:2  | Noticed Mlioglotl
 32104 | Snake:2  | Reached skill level 17 in Shields
 32261 | Snake:2  | Noticed Uxkaff's ghost (adept DsFi)
 32267 | Snake:2  | Identified the +4 flail "Goblinbane" {protect, rF+}
 32283 | Snake:2  | Found a runed translucent gate.
 32283 | Snake:2  | Found a runed translucent gate.
 32285 | Snake:2  | Found a runed translucent gate.
 32342 | Snake:2  | Killed Mlioglotl
 32633 | Snake:2  | Reached XP level 17. HP: 163/163 MP: 16/16
 33068 | Snake:3  | Received a gift from Trog
 33510 | Snake:3  | Identified the +1 chain mail of Noughts and Crosses {rElec
                  | SInv}
 33648 | Snake:3  | Reached skill level 18 in Shields
 35071 | Snake:4  | Entered Level 4 of the Snake Pit
 36035 | Snake:4  | Reached skill level 19 in Shields
 36373 | Snake:3  | Reached skill level 15 in Dodging
 37419 | Snake:4  | Received a gift from Trog
 37451 | Snake:4  | Got a serpentine rune of Zot
 38015 | Snake:4  | Reached skill level 20 in Shields
 38768 | Shoals:1 | Entered Level 1 of the Shoals
 39254 | Shoals:1 | Found Dauss's General Store.
 39272 | Shoals:1 | Found Naezieth's Armour Shop.
 39311 | Shoals:1 | Found Yfapn's Book Shop.
 39515 | Shoals:1 | Reached XP level 18. HP: 135/173 MP: 17/17
 39783 | Shoals:2 | Found Toil's Weapon Emporium.
 40926 | Shoals:3 | Reached skill level 21 in Shields
 42643 | Shoals:4 | Entered Level 4 of the Shoals
 42768 | Shoals:4 | Paralysed by an air elemental for 1 turns
 42772 | Shoals:4 | Paralysed by an air elemental for 1 turns
 43016 | Shoals:4 | Paralysed by an air elemental for 1 turns
 43020 | Shoals:4 | Reached skill level 22 in Shields
 43031 | Shoals:4 | Paralysed by an air elemental for 1 turns
 43118 | Shoals:4 | Paralysed by an air elemental for 1 turns
 43127 | Shoals:4 | Paralysed by an air elemental for 1 turns
 43331 | Shoals:4 | Paralysed by an air elemental for 1 turns
 43344 | Shoals:4 | Paralysed by an air elemental for 1 turns
 43603 | Shoals:4 | Paralysed by an air elemental for 1 turns
 43606 | Shoals:4 | Paralysed by an air elemental for 1 turns
 44382 | Shoals:4 | Identified the +5 trident "Jorphi" {flame, *Rage rC+ Will+
                  | rCorr} (Trog gifted it to you on level 4 of the Shoals)
 44382 | Shoals:4 | Received a gift from Trog
 44739 | Shoals:4 | Got a barnacled rune of Zot
 44755 | Shoals:4 | Got the Compendium of the Harmful Rocks
 44858 | Shoals:4 | Reached XP level 19. HP: 180/183 MP: 18/18
 45159 | Vaults:1 | Entered Level 1 of the Vaults
 45351 | Vaults:1 | Reached skill level 23 in Shields
 45613 | Vaults:1 | Found a magical portal.
 45620 | WizLab   | Entered The Roulette of Golubria
 45620 | WizLab   | Found a transporter.
 45633 | WizLab   | Found a corrupted altar of Lugonu.
 45670 | WizLab   | Found a transporter.
 45711 | WizLab   | Found a transporter.
 45752 | WizLab   | Found the +1 cloak of Starlight {*Dazzle EV+4 Stlth--}
 48040 | Vaults:2 | Reached skill level 24 in Shields
 48099 | Vaults:2 | Noticed Jory
 49291 | Vaults:2 | Noticed Saint Roka
 49329 | Vaults:2 | Noticed Sojobo
 49330 | Vaults:2 | HP: 6/168 [Sojobo/bolt of lightning (16)]
 49330 | Vaults:2 | Killed from afar by Saint Roka

Illustrated notes

Levels and vault maps discovered:
D:1:      sevenhm_arrival_forest_fort_large_1, layout_loops_ring
D:2:      layout_basic, minmay_hedge_maze
D:3:      layout_loops_cross, lemuel_round_altar, okawaru_metal_pillars_1_2,
          shapermc_ecumenical_altar_acropolis, minmay_misc_feat_rows
D:4:      layout_rooms, elyvilon_altar_3, fedhas_altar_4, grunt_ministairs_3
D:5:      layout_basic, cheibriados_altar_1, lemuel_crystal_altar
D:6:      layout_cave_pools, mainiacjoe_overflow_tiny_flanked,
          gammafunk_ghost_grave, serial_gnoll_camp, gnoll_camp_mini_hut,
          gnoll_camp_mini_hut, gnoll_camp_huts_moat, gnoll_camp_mini_sergeant,
          grums_kennel, gnoll_camp_mini_basic, minmay_misc_feat_x, minivault_24,
          palyth_stone_intersect
D:7:      layout_basic, general_overflow_altar, marbit_many_paths,
          minmay_temple_entry_glassed_door, minivault_5, bh_walls_and_bars
D:8:      minmay_general_purpose_star, layout_basic, st_stairs_11,
          minmay_fountain_box, minmay_misc_feat_hallway
D:9:      layout_roguey, tgw_xom, minmay_diced_spiral
D:10:     layout_cave_pools, mainiacjoe_overflow_cross_hatched,
          mainiacjoe_overflow_alcove_1, grunt_lair_entry_orc_guard_hut,
          enter_bailey_3
D:11:     layout_loops_corners, erik_orc_4
D:12:     layout_gridville, ebering_ghost_gozag,
          pdpol_wu_jian_five_deadly_venoms
D:13:     layout_grid_maze, gammafunk_ghost_smash, laboratory
D:14:     hangedman_what_comes_after_a, layout_cave_pools, erik_vaults_2,
          led_sif_pool, trove_entry_hex_spiral,
          eino_small_chamber_without_monster
D:15:     grunt_enter_depths_snipers, layout_rooms, serial_shops,
          nicolae_shop_bloodbath_and_beyond, serial_bayou_shore_a,
          grunt_ministairs_14, tso_altar
Temple:   cyrus_temple_forest
Lair:1:   layout_loops_ring, grunt_megastairs_2
Lair:2:   layout_concentric_octagons, elwin_shoals_entry_rocks,
          minmay_snake_entry_guardpost_small, grunt_megastairs_4, uniq_urug
Lair:3:   layout_cave_pods, special_room [special_room_bee],
          minmay_lair_oklob_items
Lair:4:   layout_hall_layers, basic_altar, lemuel_centaur_altar,
          grunt_megastairs_3
Lair:5:   layout_gridlike, special_room [special_room_mythical_zoo],
          gammafunk_ghost_berserking_beasts
Lair:6:   guppyfry_lair_end_dragon, layout_gridlike,
          hangedman_lair_caniforms_friends, slime_altar_1, special_room
          [special_room_mythical_zoo], uniq_sonja
Shoals:1: layout_shoals, serial_shops, shop, shop, nicolae_shop_hallway_stairs,
          nicolae_shoals_goliath_grotto
Shoals:2: layout_shoals, serial_shops, nicolae_shop_crystal
Shoals:3: layout_shoals, nicolae_shoals_land_atoll
Shoals:4: shoals_end_hellmonk_storm_palace [storm_palace_center_ruins,
          storm_palace_corner_reverse_hut, storm_palace_corner_reverse_hut,
          storm_palace_corner_grid, storm_palace_corner_reverse_hut],
          serial_shops
Snake:1:  layout_basic, serial_shops, shop, lemuel_fruit_tree
Snake:2:  layout_onion, gammafunk_ghost_split, serial_bayou_lagoon_b,
          uniq_mlioglotl
Snake:3:  layout_layer_cave, nicolae_fountain_basement
Snake:4:  snake_pit, layout_cave_town
Orc:1:    hellmonk_paralyzer, layout_caves, ebering_ghost_reflecting_pool,
          basic_altar
Orc:2:    grunt_orc_gardens, layout_diamond_mine, grunt_orc_garden,
          grunt_orc_garden, grunt_orc_garden, grunt_orc_garden,
          gammafunk_ghost_cemetery, uniq_maurice
Vaults:1: infiniplex_enter_wizlab_spiral, ontoclasm_vaults_misaligned,
          vaults_room_grid, vaults_room_door_hall,
          nicolae_vaults_little_squares_1, hangedman_vaults_snaps, v_misc_18,
          hangedman_vaults_slice, v_pattern_2, nicolae_vaults_what_the_h,
          nicolae_vaults_theta, nicolae_vaults_shelves_hall,
          layout_vaults_omnicross
Vaults:2: portal_desolation_entry_salt, v_rooms_4, v_pattern_1,
          nicolae_vaults_theta, grunt_vaults_twisty, grunt_vaults_swirl,
          vaults_room_grid, vaults_dpeg_hooks, layout_vaults_quadrants,
          uniq_saint_roka, uniq_sojobo, uniq_jory, uniq_margery

Skill      XL: |  1  2  3  4  5  6  7  8  9 10 11 12 13 14 15 16 17 18 19 |
---------------+----------------------------------------------------------+-----
Axes           | 4 5 6 8 10 12 | 12.0
Fighting       | 4 5 6 7 8 9 10 12 13 15 16 17 18 19 | 19.7
Dodging        | 3 4 5 6 7 8 9 10 11 12 13 14 15 16 | 16.5
Armour         | 3 5 8 10 12 13 14 | 14.9
Stealth        | 1 2 3 4 5 6 |  6.1
Polearms       | 3 9 11 13 14 | 14.2
Shields        | 3 6 9 12 14 17 20 22 24 | 24.2
Evocations     | 1 |  1.4

Action                   |  1- 3 |  4- 6 |  7- 9 | 10-12 | 13-15 | 16-18 | 19-21 || total
-------------------------+-------+-------+-------+-------+-------+-------+-------++-------
Melee: Hand axe          |   156 |    48 |       |       |       |       |       ||   204
       Headbutt          |    33 |    17 |    64 |   120 |   334 |   581 |   152 ||  1301
       Punch             |     1 |     2 |     5 |       |       |       |       ||     8
       War axe           |       |    26 |   241 |       |       |       |       ||   267
       Halberd           |       |       |    42 |   107 |       |       |       ||   149
       Trident           |       |       |       |   427 |  1406 |  2005 |   403 ||  4241
Invok: Berserk           |       |     2 |     2 |     5 |     7 |     7 |     4 ||    27
       Trog's Hand       |       |       |     2 |     5 |     7 |     7 |     9 ||    30
       Brothers in Arms  |       |       |       |     2 |     5 |    12 |     5 ||    24
Evoke: Wand              |       |       |       |     2 |     6 |     3 |       ||    11
       Box of beasts     |       |       |       |       |       |       |     2 ||     2
       Phial of floods   |       |       |       |       |       |       |     2 ||     2
       Piece from Xom's  |       |       |       |       |       |       |     1 ||     1
       Condenser vane    |       |       |       |       |       |       |     1 ||     1
  Use: Scroll            |       |       |    10 |     5 |    16 |    19 |     7 ||    57
       Potion            |       |       |       |     1 |    10 |    12 |     2 ||    25
 Stab: Sleeping          |     1 |       |     1 |       |       |     1 |     3 ||     6
       Distracted        |       |       |       |       |     1 |     3 |       ||     4
       Petrified         |       |       |       |       |     9 |       |       ||     9
       Petrifying        |       |       |       |       |     2 |       |       ||     2
Armor: Animal skin       |    16 |       |       |       |       |       |       ||    16
       Ring mail         |     9 |       |       |       |       |       |       ||     9
       Chain mail        |     6 |       |       |       |       |       |       ||     6
       Robe              |       |    36 |   134 |    45 |       |       |       ||   215
       Scale mail        |       |       |       |   196 |   692 |   763 |   144 ||  1795
Dodge: Dodged            |    72 |    46 |   283 |   478 |   849 |  1014 |   266 ||  3008
Block: Buckler           |       |       |       |   220 |   686 |   132 |       ||  1038
       Kite shield       |       |       |       |       |       |   272 |       ||   272
       Tower shield      |       |       |       |       |       |  2172 |   710 ||  2882
